 Dungeon Crawl Stone Soup version 0.30-a0-321-gf7783e6616 (webtiles) character file.

Game seed: 2713412596446290197

22855 MrRokkomies the Cruncher (level 12, -19/177 HPs)
             Began as an Armataur Gladiator on Oct 27, 2022.
             Was the Champion of Okawaru.
             Demolished by Rupert
             ... wielding a +6 great mace of protection
              (35 damage)
             ... on level 3 of the Lair of Beasts.
             The game lasted 00:22:27 (12291 turns).

MrRokkomies the Cruncher (Armataur Gladiator)      Turns: 12291, Time: 00:22:28

Health: -19/177    AC: 25    Str: 23    XL:     12   Next: 66%
Magic:  12/18      EV:  9    Int: 11    God:    Okawaru [******]
Gold:   475        SH:  5    Dex: 20    Spells: 11/11 levels left

rFire   . . .      SeeInvis .    a - +3 quarterstaff (freeze)
rCold   . . .      Faith    .    (shield currently unavailable)
rNeg    . . .      Spirit   .    E - +0 chain mail
rPois   +          Reflect  +    c - +1 helmet
rElec   .          Harm     .    B - +0 cloak
rCorr   .          Roll     +    (no gloves)
Will    +....                    N - +2 barding "Xedorul" {Regen+ Dex+9}
Stlth   ..........               j - amulet of reflection
HPRegen 1.29/turn                M - ring of poison resistance
MPRegen 0.16/turn                G - ring of willpower

@: berserking, heroic, very quick
A: large, rugged brown scales 3, deformed body, armoured tail, roll, long
tongue, awkward tongue
a: Renounce Religion, Heroism, Finesse, Duel


You were on level 3 of the Lair of Beasts.
You worshipped Okawaru.
Okawaru was exalted by your worship.
You visited 2 branches of the dungeon, and saw 13 of its levels.
You also visited: Sewer.

You collected 703 gold pieces.
You spent 228 gold pieces at shops.

Inventory:

Hand Weapons
 a - a +3 quarterstaff of freezing (weapon)
 r - a +0 whip of electrocution
 y - the +11 hammer "Vutraubb" {antimagic, Contam rElec rCorr Stlth+}
   (You found it on level 3 of the Dungeon)

   It reduces the magical energy of the wielder, and disrupts the spells and
   magical abilities of those it strikes.
   Natural abilities and divine invocations are not affected.
   rElec:     It insulates you from electricity.
   Contam:    It causes magical contamination when unequipped.
   rCorr:     It protects you from acid and corrosion.
   Stlth:     It makes you more stealthy.
Missiles
 d - 3 throwing nets
 e - 17 javelins
 m - 6 datura-tipped darts
 t - 3 curare-tipped darts
 v - 74 poisoned darts
 L - 8 boomerangs (quivered)
Armour
 c - a +1 helmet (worn)
 B - a +0 cloak (worn)
 E - a +0 chain mail (worn)
 N - the +2 barding "Xedorul" (worn) {Regen+ Dex+9}
   (Okawaru gifted it to you on level 9 of the Dungeon)

   Dex:       It affects your dexterity (+9).
   Regen:     It increases your rate of health regeneration.
Jewellery
 h - a ring of protection from cold
 j - an amulet of reflection (around neck)
 o - a +6 ring of dexterity
 G - a ring of willpower (right hand)
 I - a +4 ring of protection
 M - a ring of poison resistance (left hand)
 R - a ring of protection from fire
 U - a +4 ring of protection
Wands
 n - a wand of polymorph (9)
 w - a wand of flame (11)
 z - a wand of digging (5)
 F - a wand of quicksilver (23)
 P - a wand of iceblast (6)
Scrolls
 f - 2 scrolls of blinking
 k - a scroll of amnesia
 A - a scroll of brand weapon
 H - 3 scrolls of teleportation
 K - a scroll of fear
 Q - a scroll of magic mapping
Potions
 b - 2 potions of brilliance
 g - 6 potions of heal wounds
 l - 2 potions of haste
 p - 3 potions of flight
 q - 2 potions of magic
 s - 2 potions of mutation
 u - 10 potions of curing
 x - 2 potions of attraction
 C - 3 potions of cancellation
 D - 2 potions of invisibility
 J - 2 potions of ambrosia
 O - 2 potions of lignification {unknown}
Miscellaneous
 S - a tin of tremorstones (2/2)
 T - a phantom mirror


   Skills:
 * Level 11.6(16.6) Fighting
 * Level 11.8(16.8) Staves
 - Level 1.7(6.7) Throwing
 + Level 10.4(15.4) Armour
 - Level 2.5(7.5) Dodging
 + Level 8.6 Invocations


You had 11 spell levels left.
You didn't know any spells.
Your spell library contained the following spells:

 Spells                   Type           Power      Damage    Failure   Level
 Beastly Appendage        Tmut           0%         N/A       83%         1
 Wereblood                Tmut           0%         N/A       93%         2
 Frozen Ramparts          Ice            0%         1d1       99%         3
 Gell's Gravitas          Tloc           0%         N/A       99%         3
 Ignite Poison            Fire/Tmut/Pois 0%         N/A       99%         3
 Kindle Blastsparks       Fire/Tloc/Air  0%         2d10      99%         3
 Lesser Beckoning         Tloc           0%         N/A       99%         3
 Ozocubu's Armour         Ice            0%         N/A       99%         3
 Portal Projectile        Hex/Tloc       0%         N/A       99%         3
 Spider Form              Tmut/Pois      0%         N/A       99%         3
 Teleport Other           Tloc           0%         N/A       99%         3
 Fulminant Prism          Conj/Hex       0%         3d6       100%        4
 Ice Form                 Ice/Tmut       0%         N/A       100%        4
 Iskenderun's Mystic Bla  Conj/Tloc      0%         2d3       100%        4
 Leda's Liquefaction      Hex/Erth       0%         N/A       100%        4
 Passage of Golubria      Tloc           0%         N/A       100%        4
 Freezing Cloud           Conj/Ice/Air   0%         6-21      100%        5
 Lee's Rapid Deconstruct  Erth           0%         3d4*      100%        5
 Yara's Violent Unravell  Hex/Tmut       0%         3d3       100%        5
 Ozocubu's Refrigeration  Ice            0%         4d7       100%        7
 Call Canine Familiar     Summ           Unusable   N/A       N/A         3
 Tukima's Dance           Hex            Unusable   N/A       N/A         3
 Summon Ice Beast         Ice/Summ       Unusable   N/A       N/A         4

Dungeon Overview and Level Annotations

Branches:
Dungeon (10/15)            Temple (0/1) D:7            Lair (3/5) D:10
 Shoals (0/4) Lair:2       Spider (0/4) Lair:2          Orc (0/2) D:10
  Sewer (visited)

Altars:
Elyvilon
Okawaru
Qazlal
Trog
Zin
The Shining One

Shops:
D:2 (   D:4 :   D:5 :   D:6 :!:   D:7 *   D:8 :

Annotations:
D:10 1 runed translucent door, twist's ghost, journeyman GnCA
Lair:3 Rupert


Innate Abilities, Weirdness & Mutations

You are completely covered in rugged brown scales. (AC +3, +7% HP)
Armour fits poorly on your strangely shaped body.
You have a long armoured tail.
You roll when moving toward enemies. (Rampage)
Your long tongue fully drains potion bottles. (2x potion effects)
Your tongue gives you trouble enunciating. (1.5x scroll delay)


Message History

You barely miss Rupert.
Your tail-slap misses Rupert.
Rupert is lightly wounded.
You feel sick.
You hit Rupert.
Rupert is lightly wounded.
Rupert hits you with a +6 great mace of protection!!
You hit Rupert but do no damage. You tail-slap Rupert!
Rupert is lightly wounded.
Rupert hits you with a +6 great mace of protection!!
You sock Rupert! You freeze Rupert.
Rupert is moderately wounded.
You feel sick.
You barely miss Rupert. You tail-slap Rupert, but do no damage.
Rupert is moderately wounded.
Rupert hits you with a +6 great mace of protection!!
You hit Rupert. You freeze Rupert.
Your tail-slap misses Rupert.
Rupert is moderately wounded.
You feel sick.
You sock Rupert! You freeze Rupert.
Rupert is moderately wounded.
Rupert barely misses you.
You sock Rupert! You freeze Rupert.
Rupert is moderately wounded.
Rupert hits you with a +6 great mace of protection!!!
* * * LOW HITPOINT WARNING * * *
You hit Rupert. You freeze Rupert. You tail-slap Rupert!
Rupert is heavily wounded.
You feel sick.
You are no longer poisoned.
You bludgeon Rupert!! You freeze Rupert.
Rupert is severely wounded.
Rupert hits you with a +6 great mace of protection!!
* * * LOW HITPOINT WARNING * * *
You hit Rupert. You tail-slap Rupert!
Rupert is severely wounded.
You are too berserk!
You bludgeon Rupert!! You freeze Rupert. You tail-slap Rupert!
Rupert is almost dead.
Rupert hits you with a +6 great mace of protection!!
You die...

##### #
###########.#.#######...
........................
................@†......
#..#..####.......@......
##.#### #..............
#.# #.............. #.#
#.............. #.#
#.............. ##[#
#........#....P
....######............P.
#P.............


You could see Rupert (berserk).

Vanquished Creatures
  Josephine (D:10)
  A hydra (Lair:3)
  Harold (D:10)
  2 two-headed ogres
  A boulder beetle (Lair:1)
  4 death yaks (Lair:2)
  2 black mambas
  4 cane toads
  2 rime drakes (Lair:2)
  A komodo dragon (Lair:1)
  3 trolls
  Grinder (D:5)
  23 yaks
  3 culicivoras (Lair:2)
  4 wraiths (D:10)
  A shadow (D:10)
  10 wyverns
  A basilisk (Lair:1)
  A steam dragon (D:8)
  3 vampire mosquitoes (D:10)
  Edmund (D:5)
  Duvessa (D:5)
  7 water moccasins
  2 orc warriors (D:10)
  4 ice beasts
  2 black bears
  2 sky beasts
  2 ogres
  6 centaurs
  17 kobold brigands
  3 gnoll sergeants (D:10)
  6 bullfrogs
  5 scorpions
  18 wights
  Dowan (D:5)
  5 killer bees (D:10)
  5 howler monkeys
  4 jellies
  Crazy Yiuf (D:3)
  7 orc priests
  5 hounds
  7 orc wizards
  Ijyb (D:4)
  Natasha (thrice) (D:4)
  2 hell rats (Lair:1)
  Robin (D:2)
  6 gnolls
  12 adders
  5 river rats
  A shadow imp (D:6)
  2 white imps
  4 worms
  4 dart slugs
  30 orcs
  10 endoplasms
  3 giant cockroaches
  16 goblins
  7 hobgoblins
  7 jackals
  13 kobolds
  4 quokkas
  6 ball pythons
  3 bats (D:3)
  6 frilled lizards
  13 rats
339 creatures vanquished.

Vanquished Creatures (others)
  6 fungi
  16 plants
22 creatures vanquished.

Grand Total: 361 creatures vanquished

Notes
Turn   | Place    | Note
-------+----------+-------------------------------------------
     0 | D:1      | MrRokkomies the Armataur Gladiator began the quest for the
                  | Orb.
     0 | D:1      | Reached XP level 1. HP: 18/18 MP: 1/1
   100 | D:1      | Reached XP level 2. HP: 25/25 MP: 2/2
   602 | D:1      | Reached skill level 1 in Armour
   826 | D:2      | Noticed Robin
   856 | D:1      | Reached XP level 3. HP: 12/31 MP: 3/3
  1016 | D:2      | Killed Robin
  1108 | D:2      | Found a faded altar of an unknown god.
  1123 | D:2      | Prayed at the altar of an unknown god.
  1123 | D:2      | Became a worshipper of Warmaster Okawaru
  1123 | D:2      | Reached * piety under Okawaru
  1317 | D:2      | Reached XP level 4. HP: 38/39 MP: 4/4
  1318 | D:2      | You fall into a shaft and drop 1 floor!
  1534 | D:2      | Found Wurylice's Weapon Shop.
  2122 | D:3      | Identified the +11 hammer "Vutraubb" {antimagic, Contam
                  | rElec rCorr Stlth+}
  2124 | D:3      | Found a runed translucent door.
  2125 | D:3      | Noticed Crazy Yiuf
  2135 | D:3      | Killed Crazy Yiuf
  2408 | D:4      | Noticed a scorpion
  2415 | D:4      | Killed a scorpion
  2416 | D:4      | Reached skill level 1 in Invocations
  2416 | D:4      | Reached XP level 5. HP: 38/48 MP: 5/5
  2466 | D:4      | Found Ipnon's Book Shoppe.
  2475 | D:4      | Identified the +0 robe of Sin {Dex+4}
  2655 | D:4      | Noticed Natasha
  2663 | D:4      | Killed Natasha
  2703 | D:4      | Found a glowing drain.
  2710 | Sewer    | Entered a sewer
  2738 | Sewer    | Reached XP level 6. HP: 54/54 MP: 7/7
  2747 | Sewer    | Reached ** piety under Okawaru
  2955 | Sewer    | Reached XP level 7. HP: 60/63 MP: 8/8
  3131 | Sewer    | Reached skill level 5 in Staves
  3298 | Sewer    | Reached skill level 5 in Fighting
  3563 | D:4      | Noticed Ijyb
  3577 | D:4      | Killed Ijyb
  3578 | D:4      | Found a bloodstained altar of Trog.
  3614 | D:4      | Reached XP level 8. HP: 59/72 MP: 10/10
  3807 | D:4      | Noticed Natasha
  3813 | D:4      | Killed Natasha
  3871 | D:4      | Noticed Natasha
  3879 | D:4      | Killed Natasha
  3908 | D:5      | Entered Level 5 of the Dungeon
  3909 | D:5      | Noticed Grinder
  3917 | D:5      | Paralysed by Grinder for 5 turns
  3922 | D:5      | Killed Grinder
  3922 | D:5      | Reached *** piety under Okawaru
  4104 | D:5      | Found Ytwibra's Self-Improvement Boutique.
  4140 | D:5      | Noticed Edmund
  4158 | D:5      | Killed Edmund
  4304 | D:5      | Reached skill level 5 in Armour
  4308 | D:5      | Noticed Duvessa
  4310 | D:5      | Noticed Dowan
  4320 | D:5      | Killed Duvessa
  4328 | D:5      | Killed Dowan
  4712 | D:5      | Reached XP level 9. HP: 75/83 MP: 12/12
  5023 | D:6      | Found Ysipicy's Distillery.
  5078 | D:6      | Bought a potion of heal wounds for 60 gold pieces
  5078 | D:6      | Bought a potion of curing for 36 gold pieces
  5078 | D:6      | Bought a potion of curing for 36 gold pieces
  5078 | D:6      | Bought a potion of heal wounds for 60 gold pieces
  5078 | D:6      | Bought a potion of curing for 36 gold pieces
  5100 | D:6      | Found Usseaq's Book Shoppe.
  5119 | D:6      | Reached **** piety under Okawaru
  5221 | D:6      | Found Lupuukk's Book Boutique.
  5548 | D:6      | Found a white marble altar of Elyvilon.
  5900 | D:7      | Found Zin's Purification Station.
  5992 | D:7      | Reached skill level 5 in Invocations
  6120 | D:7      | Found a glowing silver altar of Zin.
  6434 | D:7      | Found a staircase to the Ecumenical Temple.
  6746 | D:8      | Reached XP level 10. HP: 93/94 MP: 12/14
  6924 | D:8      | Reached ***** piety under Okawaru
  7046 | D:8      | Noticed a two-headed ogre
  7052 | D:8      | Killed a two-headed ogre
  7433 | D:8      | Found Abbin's Book Shoppe.
  8159 | D:9      | Noticed a two-headed ogre
  8177 | D:9      | Killed a two-headed ogre
  8177 | D:9      | Identified the +2 barding "Xedorul" {Regen+ Dex+9} (Okawaru
                  | gifted it to you on level 9 of the Dungeon)
  8177 | D:9      | Received a gift from Okawaru
  9154 | D:10     | Entered Level 10 of the Dungeon
  9228 | D:10     | Reached XP level 11. HP: 103/103 MP: 15/15
  9337 | D:10     | Found a staircase to the Lair.
  9337 | D:10     | Noticed Harold
  9348 | D:10     | Killed Harold
  9401 | D:10     | Found a glowing golden altar of the Shining One.
  9421 | D:10     | Found a stormy altar of Qazlal.
  9444 | D:10     | Noticed Josephine
  9453 | D:10     | Killed Josephine
  9454 | D:10     | Reached skill level 10 in Staves
  9680 | D:10     | Reached skill level 10 in Fighting
  9707 | D:10     | Found a runed translucent door.
  9732 | D:10     | Identified the +10 trident of Summertime {flame, +Blink}
  9733 | D:10     | Noticed twist's ghost (journeyman GnCA)
  9733 | D:10     | Noticed a spriggan rider
  9773 | D:10     | Found a staircase to the Orcish Mines.
 10188 | Lair:1   | Entered Level 1 of the Lair of Beasts
 10188 | Lair:1   | Noticed a boulder beetle
 10214 | Lair:1   | Killed a boulder beetle
 10512 | Lair:1   | Reached ****** piety under Okawaru
 10540 | Lair:1   | Reached XP level 12. HP: 115/115 MP: 17/17
 11065 | Lair:2   | Found a staircase to the Shoals.
 11369 | Lair:2   | Found a hole to the Spider Nest.
 11374 | Lair:2   | Reached skill level 10 in Armour
 11404 | Lair:2   | Noticed a death yak
 11405 | Lair:2   | Noticed a death yak
 11405 | Lair:2   | Noticed a death yak
 11406 | Lair:2   | Noticed a death yak
 11419 | Lair:2   | Killed a death yak
 11451 | Lair:2   | Killed a death yak
 11463 | Lair:2   | Killed a death yak
 11463 | Lair:2   | Received a gift from Okawaru
 11472 | Lair:2   | Killed a death yak
 12196 | Lair:3   | Noticed a five-headed hydra
 12208 | Lair:3   | Killed a five-headed hydra
 12268 | Lair:3   | Noticed Rupert
 12291 | Lair:3   | Demolished by Rupert

Illustrated notes

Levels and vault maps discovered:
D:1:      giann_forest_graveyard, layout_loops_ring, st_stairs_6,
          minmay_pentomino_z4
D:2:      layout_loops_ring, serial_shops, shop,
          dreamdust_ecumenical_altar_grove, uniq_robin
D:3:      layout_loops_ring, uniq_crazy_yiuf_cottage
D:4:      layout_rooms, old_standard_altar, serial_shops, nicolae_shop_stone,
          gup_sewer_entry_bubbles, uniq_natasha, uniq_ijyb
D:5:      layout_basic, nicolae_shop_self_help, uniq_grinder, uniq_duvessa,
          uniq_edmund
D:6:      layout_cave_pools, nicolae_elyvilon_temple_path, serial_shops,
          nicolae_shop_stone, nicolae_take_the_stairs, shop
D:7:      layout_cave_pods, zin_purify, minmay_temple_entry_gardened_gates
D:8:      layout_basic, serial_shops, shop
D:9:      layout_basic
D:10:     layout_basic, mainiacjoe_overflow_big_doors, lair_entry_dummy,
          kennysheep_orc_monster_closet_entryway, ebering_ghost_funeral_grove,
          corner_web_ring, uniq_josephine, uniq_harold
Lair:1:   layout_cellular_growth, kennysheep_abandoned_house, grunt_megastairs_4
Lair:2:   layout_cave_pods, shoals_dummy_entry,
          hellmonk_spider_entry_life_and_decay
Lair:3:   layout_chaotic_city, uniq_nergalle, uniq_rupert

Skill      XL: |  1  2  3  4  5  6  7  8  9 10 11 12 |
---------------+-------------------------------------+-----
Fighting       | 2 3 4 5 6 7 9 10 11 | 11.6
Staves         | 3 4 5 6 8 9 10 11 | 11.8
Armour         | 1 2 3 4 5 6 8 9 10 | 10.4
Invocations    | 1 2 3 4 5 6 7 8 |  8.6
Throwing       | |  1.7
Dodging        | |  2.5

Action                   |  1- 3 |  4- 6 |  7- 9 | 10-12 || total
-------------------------+-------+-------+-------+-------++-------
Melee: Quarterstaff      |   106 |   155 |   341 |   687 ||  1289
       Tailslap          |     8 |    19 |    44 |   120 ||   191
Throw: Throwing net      |       |       |     2 |     2 ||     4
       Boomerang         |       |       |       |     4 ||     4
Invok: Heroism           |       |       |       |     2 ||     2
       Finesse           |       |       |       |     2 ||     2
  Use: Scroll            |       |     9 |     8 |    12 ||    29
       Potion            |       |       |     1 |     4 ||     5
 Stab: Held in net/web   |       |       |       |     2 ||     2
Armor: Leather armour    |    40 |       |       |       ||    40
       Scale mail        |     9 |    58 |    36 |       ||   103
       Chain mail        |       |       |   126 |   309 ||   435
Dodge: Dodged            |    30 |    46 |    94 |   122 ||   292
Block: Other             |    24 |    24 |    49 |   114 ||   211
       Reflection        |       |     1 |     1 |     2 ||     4

Table legend: (Time is in decaauts)
 A = Elapsed time spent in this place.
 B = Non-inter-level travel time spent in this place.
 C = Inter-level travel time spent in this place.
 D = Time resting spent in this place.
 E = Time spent auto-exploring this place.
 F = Levels seen in this place.
 G = Mean time per level.
                   A        B        C        D        E       F      G
               +--------+--------+--------+--------+--------+-----+--------+
         Total |  12331 |  11937 |    394 |    427 |   9163 |  14 |  880.8 |
       Dungeon |   9467 |   9114 |    353 |    394 |   6958 |  10 |  946.7 |
          Lair |   1987 |   1947 |     40 |     33 |   1559 |   3 |  662.3 |
         Sewer |    876 |    876 |      0 |      0 |    645 |   1 |  876.0 |
               +--------+--------+--------+--------+--------+-----+--------+

Top non-repeatable levels by time:
     D:8: 1305 daAuts
     D:9: 1160 daAuts
     D:5: 1110 daAuts
  Lair:2: 1047 daAuts
     D:1: 1013 daAuts
    D:10: 1002 daAuts
     D:7: 959 daAuts
   Sewer: 876 daAuts
     D:4: 826 daAuts
     D:3: 820 daAuts
  Lair:1: 808 daAuts
     D:6: 673 daAuts
     D:2: 592 daAuts
  Lair:3: 131 daAuts
